 Dungeon Crawl Stone Soup version 0.27.0-1-g7a089689b8 (webtiles) character file.

Game seed: 15710890160106834552

107 funkygono the Firebug (level 4, -2/24 HPs)
             Began as a Gargoyle Fire Elementalist on Aug 18, 2021.
             Slain by Crazy Yiuf (10 damage)
             ... while paralysed by Crazy Yiuf
             ... on level 2 of the Dungeon.
             The game lasted 00:04:23 (2725 turns).

funkygono the Firebug (Gargoyle Fire Elementalist)  Turns: 2725, Time: 00:04:25

Health: -2/24      AC:  7    Str: 12    XL:     4   Next: 85%
Magic:  3/8        EV:  2    Int: 16    God:
Gold:   73         SH:  0    Dex: 10    Spells: 0/8 levels left

rFire    . . .     SeeInvis .   c - +0 club
rCold    . . .     Faith    .   (no shield)
rNeg     + . .     Spirit   .   a - +0 robe
rPois    ∞         Reflect  .   b - +1 helmet
rElec    +         Harm     .   (no cloak)
rCorr    .         Rampage  .   (no gloves)
Will     .....                  (no boots)
Stlth    ++........             (no amulet)
HPRegen  0.08/turn              (no ring)
MPRegen  0.11/turn              (no ring)

@: paralysed
A: sickness immunity, AC +3, negative energy resistance 1, electricity
resistance, torment resistance 1, petrification resistance
a: no special abilities


You were on level 2 of the Dungeon.
You visited 1 branch of the dungeon, and saw 2 of its levels.

You collected 73 gold pieces.

Inventory:

Hand Weapons
 c - a +0 club (weapon)
 h - a +0 falchion of holy wrath
Missiles
 e - 60 stones
Armour
 a - a +0 robe (worn)
 b - a +1 helmet (worn)
 i - a +0 scale mail
Potions
 d - a potion of resistance {unknown}
 f - 2 potions of curing
 g - 3 potions of mutation {unknown}


   Skills:
 + Level 0.6 Fighting
 + Level 1.0 Maces & Flails
 + Level 2.2 Dodging
 - Level 2.1 Stealth
 + Level 2.8 Spellcasting
 + Level 2.0 Conjurations
 + Level 3.7 Fire Magic


You couldn't memorise any spells.
You knew the following spells:

 Your Spells              Type           Power      Damage    Failure   Level
a - Foxfire               Conj/Fire      44%        2x1d6     6%          1
b - Conjure Flame         Conj/Fire      11%        6-21      17%         3
c - Sticky Flame          Conj/Fire      11%        2d3       50%         4

Your spell library contained the following spells:

 Spells                   Type           Power      Damage    Failure   Level
 Inner Flame              Hex/Fire       8%         N/A       26%         3
 Fireball                 Conj/Fire      5%         3d5       85%         5


Dungeon Overview and Level Annotations

Branches:
Dungeon (2/15)

Altars:

Annotations:
D:2 Crazy Yiuf


Innate Abilities, Weirdness & Mutations

You are immune to sickness and miasma.
Your stone body is resilient. (AC +3)
You are immune to poison.
You resist negative energy. (rN+)
You are resistant to electric shocks. (rElec)
You are resistant to unholy torment.
You are immune to petrification.


Message History

Press: ? - help, v - describe, . - travel
Here: Crazy Yiuf, wielding a +3 quarterstaff of chaos and wearing a +0 cloak of stealth (fire blocked by a runed translucent door)
The floor.
Unknown command.
You open the door.
Casting: Foxfire (safe; 6% risk of failure)
Confirm with . or Enter, or press ? or * to list all spells.
You conjure some foxfire!
Crazy Yiuf hits you with a +3 quarterstaff of chaos.
Crazy Yiuf freezes you.
Your foxfire dissipates!
The foxfire hits Crazy Yiuf but does no damage.
Casting: Foxfire (safe; 6% risk of failure)
Confirm with . or Enter, or press ? or * to list all spells.
You conjure some foxfire!
Crazy Yiuf glowers.
Crazy Yiuf hits you with a +3 quarterstaff of chaos.
Crazy Yiuf burns you.
Casting: Foxfire (safe; 6% risk of failure)
Confirm with . or Enter, or press ? or * to list all spells.
You conjure some foxfire!
Crazy Yiuf misses you.
Unknown command.
The foxfire hits Crazy Yiuf but does no damage. x4
Casting: Foxfire (safe; 6% risk of failure)
Confirm with . or Enter, or press ? or * to list all spells.
You conjure some foxfire!
Crazy Yiuf closely misses you.
Casting: Foxfire (safe; 6% risk of failure)
Confirm with . or Enter, or press ? or * to list all spells.
You conjure some foxfire!
The foxfire hits Crazy Yiuf.
Crazy Yiuf is lightly wounded.
The foxfire hits Crazy Yiuf.
Crazy Yiuf is lightly wounded.
Crazy Yiuf hits you with a +3 quarterstaff of chaos!
You suddenly lose the ability to move!
The foxfire hits Crazy Yiuf.
Crazy Yiuf is moderately wounded.
The foxfire hits Crazy Yiuf.
Crazy Yiuf is heavily wounded.
Crazy Yiuf hits you with a +3 quarterstaff of chaos!
You die...

#...# #.#.# #.# #...# #...#
#.# ####...######## #.#
#.........### ###
#...........# ####...........#
#.........##...##♣♣ ###
#.##.##...##...#..♣♣ ♣♣#..)#
#.##.##...##...§@g.♣♣♣♣.'...#
#.##.##.######.§....♣..♣#...#
#.##.##.# ###...♣.♣♣♣ ###
#.##.##.# ##♣♣♣♣♣ #.......#
####.#### ##############
#....# ##.##.##......#
####.########.#......#########
#...........##.####.......#


You could see Crazy Yiuf.

Vanquished Creatures
  Terence (D:2)
  Robin (D:2)
  2 adders (D:2)
  2 dart slugs (D:2)
  5 ball pythons
  3 bats
  3 endoplasms (D:1)
  A giant cockroach (D:1)
  11 goblins
  6 hobgoblins
  2 jackals (D:2)
  4 frilled lizards
  A kobold (D:1)
  3 rats (D:1)
45 creatures vanquished.

Vanquished Creatures (collateral kills)
  A foxfire (D:1)
1 creature vanquished.

Vanquished Creatures (others)
  125 foxfires
125 creatures vanquished.

Grand Total: 171 creatures vanquished

Notes
Turn   | Place    | Note
-------+----------+-------------------------------------------
     0 | D:1      | funkygono the Gargoyle Fire Elementalist began the quest
                  | for the Orb.
     0 | D:1      | Reached XP level 1. HP: 10/10 MP: 3/3
   138 | D:1      | Found a faded altar of an unknown god.
   299 | D:1      | Reached XP level 2. HP: 15/15 MP: 3/5
  1231 | D:2      | Reached XP level 3. HP: 19/19 MP: 3/6
  1268 | D:2      | Noticed Terence
  1289 | D:2      | Killed Terence
  1531 | D:2      | Reached XP level 4. HP: 24/24 MP: 3/7
  1587 | D:2      | Learned a level 3 spell: Conjure Flame
  1592 | D:2      | Learned a level 4 spell: Sticky Flame
  1956 | D:2      | Noticed Robin
  2331 | D:2      | Found a runed translucent door.
  2332 | D:2      | Noticed Crazy Yiuf
  2515 | D:2      | Killed Robin
  2516 | D:2      | Reached skill level 1 in Maces & Flails
  2724 | D:2      | Paralysed by Crazy Yiuf for 3 turns
  2725 | D:2      | Slain by Crazy Yiuf

Illustrated notes

Levels and vault maps discovered:
D:1:      ncdulo_smallfort, layout_loops_ring,
          shapermc_ecumenical_altar_mp_urbaneastern
D:2:      layout_loops_cross, uniq_robin, uniq_crazy_yiuf_cottage, uniq_terence

Skill      XL: |  1  2  3  4 |
---------------+-------------+-----
Dodging        | 2 |  2.2
Conjurations   | 2 |  2.0
Maces & Flails | 1 |  1.0
Fighting       | |  0.6
Stealth        | |  2.1
Spellcasting   | |  2.8
Fire Magic     | |  3.7

Action                   |  1- 3 |  4- 6 || total
-------------------------+-------+-------++-------
Melee: Club              |    39 |    31 ||    70
 Cast: Foxfire           |    40 |    34 ||    74
  Use: Scroll            |     2 |     2 ||     4
       Potion            |       |     2 ||     2
 Stab: Sleeping          |     1 |       ||     1
Armor: Robe              |    23 |    35 ||    58
Dodge: Dodged            |    42 |    72 ||   114
